 Dungeon Crawl Stone Soup version 0.28.0-45-g0d030f2227 (webtiles) character file.

Game seed: 1420334400247000945

2 Explame the Grave Robber (level 1, -2/14 HPs)
             Began as a Ghoul Necromancer on Apr 16, 2022.
             Slain by a kobold
             ... wielding a +0 club
              (4 damage)
             ... on level 1 of the Dungeon.
             The game lasted 00:03:24 (139 turns).

Explame the Grave Robber (Ghoul Necromancer)         Turns: 139, Time: 00:03:24

Health: -2/14      AC:  2    Str: 11    XL:     1   Next: 30%
Magic:  2/2        EV: 12    Int: 10    God:
Gold:   20         SH:  0    Dex:  9    Spells: 2/3 levels left

rFire   . . .      SeeInvis .   (no weapon)
rCold   + . .      Faith    .   (no shield)
rNeg    + + +      Spirit   .   a - +0 robe
rPois   ∞          Reflect  .   (no helmet)
rElec   .          Harm     .   (no cloak)
rCorr   .          Rampage  .   (no gloves)
Will    .....                   (no boots)
Stlth   ++........              (no amulet)
HPRegen 0.00/turn               b - +4 ring of slaying
MPRegen 0.08/turn               (no ring)

@: inhibited regen
A: claws 1, cold resistance 1, negative energy resistance 3, inhibited
regeneration, torment resistance 2
a: no special abilities


You were on level 1 of the Dungeon.
You visited 1 branch of the dungeon, and saw 1 of its levels.

You collected 20 gold pieces.

Inventory:

Hand Weapons
 d - a +0 club
 e - a +0 dagger
Missiles
 c - 4 javelins (quivered)
Armour
 a - a +0 robe (worn)
Jewellery
 b - a +4 ring of slaying (left claw)


   Skills:
 + Level 1.9 Dodging
 + Level 2.1 Stealth
 + Level 1.7 Spellcasting
 + Level 4.0 Necromancy


You had 2 spell levels left.
You knew the following spells:

 Your Spells              Type           Power      Damage    Failure   Level
a - Pain                  Necr           32%        1d5       6%          1

Your spell library contained the following spells:

 Spells                   Type           Power      Damage    Failure   Level
 Animate Skeleton         Necr           16%        N/A       6%          1
 Vampiric Draining        Necr           8%         2d6       19%         3
 Animate Dead             Necr           4%         N/A       52%         4
 Agony                    Necr           8%         N/A       86%         5


Dungeon Overview and Level Annotations

Branches:
Dungeon (1/15)

Altars:


Innate Abilities, Weirdness & Mutations

You thrive by killing the living.
You are immune to poison.
You have sharp fingernails.
Your flesh is cold resistant. (rC+)
You are immune to negative energy. (rN+++)
You do not regenerate when monsters are visible.
You are immune to unholy pain and torment.


Message History

Unknown command.
Unknown command.
Setting a skill training target for Throwing at 16.0.
The goblin closely misses you.
You barely miss the goblin. The goblin hits you with a +0 dagger.
The kobold hits you with a +0 club.
You closely miss the goblin. The goblin completely misses you.
The kobold misses you.
You claw the goblin!
You kill the goblin!
You feel better. The kobold hits you with a +0 club.
You scratch the ball python.
You kill the ball python!
The kobold barely misses you. The kobold hits you with a +0 club.
You see here a +0 dagger.
You scratch the kobold.
You kill the kobold!
You feel better.
Things that are here:
a +0 club; a kobold corpse You see here a +0 dagger.
A kobold comes into view. It is wielding a +0 club.
Things that are here:
a +0 club; a kobold corpse
d - a +0 club You see here a +0 dagger.
e - a +0 dagger The kobold throws a stone.
The stone misses you.
The kobold throws a stone.
The stone misses you. The kobold closely misses you.
The kobold hits you with a +0 club. The kobold hits you with a +0 club.
The kobold barely misses you. The kobold hits you but does no damage.
The kobold completely misses you. The kobold hits you with a +0 club.
* * * LOW HITPOINT WARNING * * *
The kobold hits you with a +0 club.
You die...

# #...##### #+#+##
#. ##.## ##.##
###.## .....
#....#
......#.#..#
......#.####
...........#######
......#.####......
......#...@...#
..... #...K...#
##### ###.......#
......####
#.......#
#.........
#.......###
#.......#
#.......#


You could see a kobold.

Vanquished Creatures
  A ball python (D:1)
  A goblin (D:1)
  A kobold (D:1)
3 creatures vanquished.

Notes
Turn   | Place    | Note
-------+----------+-------------------------------------------
     0 | D:1      | Explame the Ghoul Necromancer began the quest for the Orb.
     0 | D:1      | Reached XP level 1. HP: 14/14 MP: 2/2
   139 | D:1      | Slain by a kobold

Illustrated notes

Levels and vault maps discovered:
D:1:      dpeg_arrival_ratfight, layout_loops_cross

Action                   || total
-------------------------++-------
Melee: Unarmed           ||     5
Armor: Robe              ||     1
Dodge: Dodged            ||     9
